Get step-by-step instructions on how to execute this build order below. Start the game timer, and the build order will tick by so you can play in parallel with StarCraft on a second screen or mobile device.

Game Time

  0:00

Last Step

  N/A

Next Step

Upcoming Step



Don't want to look back and forth between 2 screens? Try out our Overwolf App, the Spawning Tool Build Advisor to get an in-game overlay with this build!

Complete Build Order

  12  0:00  SCV  
  13  0:12  SCV  
  14  0:17  Supply Depot  
  14  0:24  SCV  
  15  0:38  SCV  
  15  0:40  Barracks  
  15  0:42  Refinery  
  16  0:50  SCV  
  17  1:03  SCV  
  18  1:15  SCV  
  19  1:27  Orbital Command, Reaper  
  20  1:38  Command Center  
  20  1:46  Supply Depot  
  20  1:53  SCV  
  21  1:59  Marine  
  22  2:05  SCV  
  22  2:06  Factory  
  23  2:13  Bunker  
  23  2:17  SCV, Marine  
  23  2:22  Refinery  
  25  2:29  SCV  
  26  2:36  Barracks Reactor  
  26  2:41  SCV  
  27  2:50  Orbital Command  
  29  2:51  Hellion  
  29  2:52  Starport  
  29  2:56  SCV  
  30  3:08  SCV  
  30  3:12  Marine  
  30  3:13  Marine  
  30  3:17  SCV, Widow Mine  
  34  3:22  SCV  
  34  3:26  Supply Depot  
  35  3:29  Medivac  
  35  3:30  SCV  
  35  3:33  Marine x2  
  40  3:35  SCV  
  40  3:39  Widow Mine  
  43  3:42  Barracks  
  43  3:43  SCV  
  43  3:47  SCV  
  45  3:51  Marine x2  
  48  3:55  SCV  
  48  3:59  SCV  
  48  4:00  Starport Tech Lab, Factory Tech Lab, Supply Depot  
  48  4:07  Barracks  
  48  4:08  SCV  
  48  4:09  Refinery  
  49  4:11  SCV  
  49  4:15  Marine x2  
  52  4:18  Supply Depot  
  52  4:22  Siege Tank  
  52  4:23  SCV  
  56  4:25  SCV  
  56  4:28  Raven  
  59  4:35  SCV, Engineering Bay  
  59  4:36  Marine  
  59  4:37  Marine  
  62  4:40  SCV  
  62  4:42  Marine  
  62  4:47  SCV  
  62  4:49  Supply Depot  
  62  4:52  SCV  
  64  4:54  Siege Tank  
  64  4:57  Bunker  
  64  4:59  SCV, Marine  
  70  5:00  Marine  
  70  5:03  Supply Depot  
  70  5:10  Stimpack, SCV  
  70  5:11  SCV, Refinery  
  70  5:13  Marauder  
  74  5:16  Marine  
  74  5:17  Terran Infantry Weapons Level 1  
  73  5:21  Supply Depot  
  73  5:22  SCV  
  73  5:23  SCV  
  73  5:24  Marine  
  73  5:25  Marine  
  77  5:30  Siege Tank  
  77  5:34  Supply Depot  
  80  5:38  Marauder  
  80  5:42  Marine  
  83  5:43  Marine  
  83  5:46  Supply Depot  
  83  5:47  Starport Reactor  
  84  5:53  SCV x2  
  86  5:59  Command Center, Marauder  
  86  6:00  Marine  
  89  6:04  Supply Depot  
  89  6:08  Combat Shield  
  89  6:09  Marauder  
  91  6:11  Marine  
  91  6:13  Factory Reactor  
  91  6:16  Supply Depot  
  91  6:18  Marine  
  92  6:19  SCV x2  
  92  6:22  Marauder  
  92  6:23  Medivac  
  92  6:24  Medivac  
  101  6:27  Supply Depot  
  101  6:30  Marine  
  101  6:32  Marauder  
  104  6:36  Marine  
  104  6:38  Supply Depot  
  105  6:42  Barracks  
  105  6:43  Marauder  
  105  6:44  Barracks  
  107  6:48  Marine  
  107  6:51  Widow Mine x2  
  107  6:54  Marauder, Marine  
  114  6:58  Medivac x2  
  118  7:01  Supply Depot  
  118  7:05  Concussive Shells  
  118  7:06  Marine  
  119  7:09  Marauder  
  119  7:11  Marine  
  126  7:16  Widow Mine, Marauder  
  126  7:21  Widow Mine  
  126  7:22  Orbital Command  
  127  7:24  Marine  
  127  7:28  SCV x2  
  130  7:30  Marauder  
  130  7:34  Barracks Tech Lab x2  
  137  7:37  Marauder, Widow Mine  
  137  7:39  Medivac x2  
  137  7:40  Marine  
  137  7:41  SCV  
  141  7:49  Marine  
  141  7:51  Marine, SCV  
  142  7:54  Terran Infantry Armor Level 1, Supply Depot, SCV  
  142  7:55  Orbital Command  
  144  8:03  SCV  
  144  8:05  Marauder  
  147  8:09  Viking x2  
  147  8:12  SCV, Marauder  
  154  8:15  Marine  
  154  8:16  Marine  
  154  8:18  Widow Mine x2  
  160  8:23  Marauder  
  161  8:30  Marauder, Marine  
  153  8:38  Marine  
  153  8:39  Viking, Widow Mine, Marauder  
  153  8:40  SCV x2  
  162  8:42  SCV  
  162  8:44  Supply Depot, Marauder  
  162  8:46  Marine  
  162  8:50  Widow Mine  
  162  8:51  Marauder x2  
  159  8:56  Marine  
  159  9:00  Marauder  
  151  9:04  Viking, Marine  
  151  9:05  Widow Mine  
  151  9:08  Supply Depot  
  151  9:09  Marine, Refinery  
  152  9:10  Supply Depot  
  152  9:12  Marauder  
  152  9:13  Viking, Marauder  
  158  9:20  Marine  
  158  9:22  Marine, Marauder  
  148  9:25  Refinery  
  148  9:27  Armory, Engineering Bay  
  148  9:30  Ghost Academy  
  148  9:32  Marauder  
  148  9:34  Viking  
  148  9:35  SCV  
  148  9:36  SCV  
  148  9:37  Sensor Tower  
  156  9:38  Marauder  
  156  9:41  Marine, Widow Mine x2  
  156  9:42  Marine  
  156  9:44  Marauder  
  160  9:50  Viking, Marauder  
  160  10:02  Marauder x2, Marine x2  
  160  10:04  Viking  
  160  10:05  Marauder  
  170  10:09  Command Center  
  170  10:10  Ghost  
  172  10:16  Sensor Tower  
  172  10:17  Bunker, SCV x2  
  172  10:18  Supply Depot  
  172  10:20  Marine x2  
  175  10:23  Ghost x2  
  175  10:27  Viking  
  181  10:31  Marauder  
  183  10:40  Marauder  
  183  10:42  Barracks  
  185  10:43  Barracks  
  185  10:46  Barracks, Terran Infantry Weapons Level 2  
  185  10:52  Marine  
  185  10:53  Marauder  
  185  11:00  SCV  
  185  11:01  SCV  
  184  11:05  SCV  
  181  11:11  Armory  
  181  11:13  Marauder, Engineering Bay  
  181  11:16  SCV  
  181  11:17  Refinery  
  180  11:19  Sensor Tower, Marauder  
  180  11:21  Ghost  
  180  11:23  SCV  
  183  11:28  Marauder, Marine, SCV  
  183  11:30  Missile Turret  
  183  11:31  SCV  
  187  11:35  Marauder  
  187  11:36  Barracks Tech Lab  
  187  11:37  Barracks Tech Lab x2  
  189  11:41  SCV  
  189  11:42  SCV  
  189  11:43  SCV  
  189  11:46  Medivac  
  192  11:47  Marauder, Marine x2  
  192  11:49  Marine  
  199  11:54  Marauder  
  199  11:55  SCV  
  199  12:05  Medivac  
  192  12:10  Marauder  
  192  12:11  Marauder  
  192  12:14  Marine  
  192  12:15  Marauder, Marine  
  192  12:16  Medivac, Marauder  
  192  12:17  SCV  
  192  12:19  SCV  
  192  12:20  SCV, Refinery x2  
  197  12:28  Command Center  
  197  12:30  Planetary Fortress  
  197  12:32  SCV  
  197  12:33  Marauder  
  200  12:40  Missile Turret, Starport  
  200  12:50  Missile Turret  
  200  12:58  Command Center  
  198  13:05  Viking  
  198  13:08  Viking  
  198  13:11  Marauder  
  200  13:17  Sensor Tower  
  200  13:18  Missile Turret  
  196  13:34  Marauder  
  196  13:35  Viking  
  196  13:37  Marauder, Marine  
  196  13:38  Marauder  
  196  13:40  Marine  
  196  13:41  Ghost, Marine  
  188  13:42  Viking  
  188  13:46  Marauder, Marine  
  151  13:48  SCV  
  151  13:52  SCV x2  
  151  13:55  SCV  
  139  14:00  Viking  
  139  14:02  SCV  
  143  14:10  SCV  
  143  14:15  SCV  
  141  14:17  Marine